[Event "*** Titled Tuesday Blitz"]
[Site "Chess.com"]
[Date "2018.08.07"]
[Round "7"]
[White "djano"]
[Black "b_6"]
[Result "1-0"]
[WhiteElo "2381"]
[BlackElo "2360"]
[TimeControl "180+2"]
[EndTime "14:33:54 PDT"]
[Termination "djano won by resignation"]

1. c4 b6 2. Nc3 Bb7 3. e4 e6 4. g3 Nf6 5. Bg2 c5 6. Nge2 d5 7. exd5 exd5 8. cxd5 Nxd5 9. Qb3 Nxc3 10. Bxb7 Nxe2 11.
Bxa8 Nd4 12. Qe3+ Be7 13. Kd1 O-O 14. Re1 Bg5 15. Qe4 Na6 16. Bd5 Nb4 17. Bb3 c4 18.
Bxc4 Nbc2 19. Rb1 Nxe1 20. Qxe1 Re8 21. Qh1 Qc7 22. d3 Qe5 23. Qe4 Qxe4 24. dxe4 Bxc1 25.
Rxc1 Rxe4 26. Bd5 Re8 27. Rc7 Rd8 28. Bxf7+ Kf8 29. Kc1 Nb5 30. Rb7 Nd6 31. Rxa7 Nxf7 32. Rb7 Rd6 33. a4 Nd8 34. Rc7 h6 35. Kb1 g5 36. Ka2 Ke8 37. f4 gxf4 38. gxf4 Rd4 39.
Ka3 Rxf4 40. Rh7 Rh4 41. b3 Nf7 42. Rg7 Rxh2 43. Rg6 h5 44. Rxb6 h4 45. a5 Rh1 46.
Ka2 h3 47. a6 Rd1 48. a7 Rd2+ 49. Ka3 Rd8 50. Rb8 h2 51. a8=Q h1=Q 52. Rxd8+ Nxd8 53.
Qxh1 1-0

[Event "*** Titled Tuesday Blitz"]
[Site "Chess.com"]
[Date "2018.08.07"]
[Round "7"]
[White "Last7Samurai"]
[Black "Kimster98"]
[Result "1-0"]
[WhiteElo "2612"]
[BlackElo "2509"]
[TimeControl "180+2"]
[EndTime "14:34:01 PDT"]
[Termination "Last7Samurai won by resignation"]

1. d4 d5 2. Bf4 e6 3. e3 Bd6 4. Bg3 b6 5. Nd2 Ba6 6. Bxa6 Nxa6 7. c4 Nb8 8. Ngf3 c6 9. O-O Nf6 10. Rc1 Bxg3 11. hxg3 Nbd7 12. Qe2 O-O 13. e4 dxe4 14. Nxe4 Nxe4 15. Qxe4 Qc7 16. Rfd1 Nf6 17. Qe2 Rfd8 18. b4 a5 19. a3 axb4 20. axb4 Qb7 21. Ne5 b5 22. g4 h6 23. Qf3 bxc4 24. Nxc6 Rdc8 25. Rxc4 Nd5 26. Rdc1 Rc7 27. R1c2 Qb6 28. g3 Rac8 29.
b5 Kf8 30. Qa3+ Kg8 31. Qd6 Kh8 32. Rc5 Nf6 33. g5 Ne4 34. Qe5 Nxc5 35. gxh6 f6 36. hxg7+ Kxg7 37. Qxc5 Qxc5 38. dxc5 e5 39. Kg2 Kf7 40.
Kf3 Ke6 41. g4 Kd5 42. Nb4+ Ke6 43. c6 Ra7 44. b6 Ra3+ 45. Kg2 Ra4 46. b7 Rg8 47. c7 Rxg4+ 48. Kf3 Rf4+ 49. Ke3 Raxb4 50. c8=Q+ 1-0

[Event "*** Titled Tuesday Blitz"]
[Site "Chess.com"]
[Date "2018.08.07"]
[Round "7"]
[White "Annawel"]
[Black "Raja3401"]
[Result "1-0"]
[WhiteElo "2792"]
[BlackElo "2626"]
[TimeControl "180+2"]
[EndTime "14:34:10 PDT"]
[Termination "Annawel won by resignation"]

1. e4 c5 2. Nf3 d6 3. d4 cxd4 4.
Nxd4 Nf6 5. Nc3 a6 6. Be2 e5 7. Nf3 Be7 8. Bg5 Be6 9. Bxf6 Bxf6 10. O-O O-O 11. Qd2 Nc6 12. Nd5 Rc8 13. c3 b5 14.
a4 bxa4 15. Bxa6 Bxd5 16. exd5 Na5 17. Rxa4 Nb3 18. Qe2 Nc5 19. Bxc8 Nxa4 20. Ba6 Qb6 21. Bb5 Nc5 22. b4 Nb7 23. Ra1 e4 24. Nd2 Bxc3 25.
Ra6 Qd4 26. Nxe4 Bxb4 27. Ra4 Nc5 28. Nxc5 Qxc5 29. g3 Qc1+ 30. Kg2 Bc5 31. Rf4 Qb1 32. Bd7 Qb7 33. Bc6 Qa7 34. h4 h6 35. h5 Qc7 36.
Qe4 Qd8 37. Bb5 Qg5 38. Bd3 f5 39. Qe6+ Kh8 40. Rxf5 Qd8 41. Qg6 Rxf5 42. Bxf5 Kg8 43. Qh7+ Kf7 44. Be6+ Kf6 45. Qf5+ 1-0

[Event "*** Titled Tuesday Blitz"]
[Site "Chess.com"]
[Date "2018.08.07"]
[Round "7"]
[White "oskariot"]
[Black "m3alam"]
[Result "1-0"]
[WhiteElo "2475"]
[BlackElo "2206"]
[TimeControl "180+2"]
[EndTime "14:34:13 PDT"]
[Termination "oskariot won by resignation"]

1. c4 Nf6 2. g3 g6 3. Bg2 Bg7 4. Nc3 O-O 5. e4 d6 6. Nge2 c5 7. O-O Nc6 8. d3 Rb8 9. h3 a6 10. a4 Bd7 11. Be3 e6 12. d4 cxd4 13. Nxd4 Ne5 14. b3 Qc7 15. Qd2 Rfd8 16. Rfc1 Be8 17. a5 Nfd7 18. f4 Nc6 19. Nd5 exd5 20. cxd5 Nc5 21. dxc6 bxc6 22. b4 Bxd4 23. Qxd4 Nb3 24. Qf6 Rxb4 25. Rab1 d5 26. Rxb3 d4 27. Rxb4 dxe3 28. Rd4 Rb8 29. Re1 Qxa5 30. Rxe3 Rb1+ 31. Kh2 Qa1 32. Qe5 Rd1 33. Rxd1 Qxd1 34. Qxe8+ Kg7 35. Qe5+ Kf8 36. Rc3 Qd8 37. Qc5+ Kg8 38. Qxc6 a5 39. Qc8 Qxc8 40. Rxc8+ 1-0

[Event "*** Titled Tuesday Blitz"]
[Site "Chess.com"]
[Date "2018.08.07"]
[Round "7"]
[White "ZoltanChef"]
[Black "morphy1984"]
[Result "0-1"]
[WhiteElo "2199"]
[BlackElo "2498"]
[TimeControl "180+2"]
[EndTime "14:34:14 PDT"]
[Termination "morphy1984 won by resignation"]

1. Nf3 Nf6 2. d4 g6 3. Bf4 Bg7 4. h3 d6 5. e3 O-O 6. c3 Nbd7 7.
Nbd2 b6 8. a4 a5 9. Be2 Bb7 10.
O-O Re8 11. Nc4 Ne4 12. Nfd2 e5 13. dxe5 dxe5 14. Bh2 Nxd2 15. Qxd2 Qg5 16. Bg3 Nc5 17. h4 Qe7 18. f3 Nb3 19. Qc2 Nxa1 20. Rxa1 Qc5 21.
Bf2 e4 22. f4 Rad8 23. Na3 h5 24. Nb5 Bd5 25. c4 Bb7 26. Nc3 f5 27. Rc1 c6 28.
Bf1 Ba6 29. b3 Rd7 30. Ne2 Red8 31. Nd4 Kf7 32. g3 Bb7 33. Rd1 Qe7 34. Rb1 Kg8 35. Rc1 c5 36. Nb5 Rd2 37. Qb1 Rb2 38. Qa1 Rxf2 39.
Qxg7+ Qxg7 40. Kxf2 Qb2+ 41. Rc2 Qxc2+ 42. Be2 Rd2 0-1

[Event "*** Titled Tuesday Blitz"]
[Site "Chess.com"]
[Date "2018.08.07"]
[Round "7"]
[White "BasilSmash"]
[Black "Angry_Twin"]
[Result "0-1"]
[WhiteElo "2444"]
[BlackElo "2638"]
[TimeControl "180+2"]
[EndTime "14:34:15 PDT"]
[Termination "Angry_Twin won by checkmate"]

1. d4 Nf6 2. Nf3 d5 3. Bf4 c5 4. e3 Nc6 5. Nbd2 e6 6. c3 cxd4 7.
exd4 Nh5 8. Be3 Bd6 9. Ne5 g6 10. Nd3 O-O 11. g3 Ng7 12. Bg2 Nf5 13. O-O Nxe3 14.
fxe3 f5 15. c4 Ne7 16. c5 Bc7 17. b4 Bd7 18. a4 a6 19. Nf3 Qe8 20. Qb3 Nc6 21.
Rfb1 Qe7 22. Bf1 Rfb8 23. b5 Na5 24. Qc3 axb5 25. axb5 Nc4 26. b6 Bd8 27. Nde5 Nxe5 28. Nxe5 Be8 29. Ra7 Rc8 30. Rba1 Rab8 31. Qb3 Qg5 32. Kf2 Qh6 33. h4 g5 34. hxg5 Bxg5 35. Nf3 Bf6 36. Bb5 Bh5 37. Rh1 Kh8 38. Bd7 Rg8 39.
Bxe6 Qg6 40. Bxg8 Rxg8 41. Rxh5 Qxg3+ 42. Ke2 Qg2+ 43. Kd3 Qxf3 44. Rh2 Rg3 45. Kc2 Rg1 46. Rd2 Qf1 47. Qxd5 Qb1+ 48. Kc3 Rc1+ 49. Rc2 Rxc2+ 50. Kd3 Rb2+ 51. Kc3 Qc2# 0-1

[Event "*** Titled Tuesday Blitz"]
[Site "Chess.com"]
[Date "2018.08.07"]
[Round "7"]
[White "kikydu96"]
[Black "Kubas1010"]
[Result "1-0"]
[WhiteElo "2461"]
[BlackElo "2466"]
[TimeControl "180+2"]
[EndTime "14:34:15 PDT"]
[Termination "kikydu96 won by resignation"]

1. e4 c5 2. Nf3 d6 3. d4 cxd4 4. Qxd4 Nc6 5. Qe3 Nf6 6. Be2 g6 7. h3 Bg7 8. O-O O-O 9. c4 Nd7 10. Nc3 Nc5 11. Rb1 a5 12. b3 f5 13. Bb2 f4 14. Qd2 h6 15. Nh4 g5 16. Nf5 Rxf5 17. exf5 Bxf5 18. Bg4 Bxb1 19. Rxb1 e6 20. Rd1 Nd4 21.
Ne2 Nxe2+ 22. Qxe2 Qe7 23. Bxg7 Kxg7 24. Qb2+ Qf6 25.
Qxf6+ Kxf6 26. Rxd6 Ke5 27. Rd2 Rb8 28. Kf1 b5 29. cxb5 Rxb5 30. Re2+ Kd6 31. Rd2+ Ke5 32. Be2 Rb4 33. Bc4 a4 34. a3 Nxb3 35. Re2+ Kd4 36. axb4 Kxc4 37. Rxe6 a3 38. Rxh6 a2 39. Ra6 a1=Q+ 40.
Rxa1 Nxa1 41. g3 Nc2 42. h4 fxg3 43. h5 Nd4 44. h6 g2+ 45. Kxg2 Ne6 46. h7 Nf4+ 47.
Kg3 Ng6 48. Kg4 Kxb4 49. Kxg5 Nh8 50. Kf6 Kc5 51. Kg7 Kd6 52. Kxh8 Ke7 53. Kg7 1-0

[Event "*** Titled Tuesday Blitz"]
[Site "Chess.com"]
[Date "2018.08.07"]
[Round "7"]
[White "inegrepus"]
[Black "NemtsevIgor"]
[Result "0-1"]
[WhiteElo "2195"]
[BlackElo "2380"]
[TimeControl "180+2"]
[EndTime "14:34:16 PDT"]
[Termination "NemtsevIgor won by checkmate"]

1. d4 c6 2. c4 d6 3. Nc3 Nd7 4. e4 h6 5. f4 g5 6. fxg5 hxg5 7.
Bxg5 Bg7 8. Nf3 Qb6 9. Qd2 Nf8 10.
Be2 Ne6 11. Be3 Nh6 12. d5 Nc5 13. Nd4 Ng4 14. Bxg4 Bxg4 15. dxc6 bxc6 16. Qf2 Qxb2 17. Qxb2 Nd3+ 18. Kd2 Nxb2 19. h3 Nxc4+ 20. Kd3 Nxe3 21.
Kxe3 Bd7 22. Rac1 Bh6+ 23. Ke2 Bxc1 24. Rxc1 Rb8 25. Rc2 e5 26. Nb3 Ke7 27. Na5 Rhg8 28. Kf2 Rb6 29. Nd1 Ra6 30. Nc4 f5 31. Nde3 fxe4 32.
Rd2 d5 33. Nxe5 Rf8+ 34. Kg1 Ra3 35. N3g4 Bxg4 36. hxg4 Rc8 37. g5 e3 38. Re2 d4 39.
Nc4 Rc3 40. Ne5 Ke6 41. Nf3 c5 42. g6 Kf5 43. g7 Rg8 44. Nxd4+ cxd4 45. Rb2 Rxg7 46.
Rb5+ Ke4 47. a4 d3 48. a5 Rc1+ 49. Kh2 e2 50. a6 e1=Q 51. g4 Qh4+ 52. Kg2 Rxg4# 0-1

[Event "*** Titled Tuesday Blitz"]
[Site "Chess.com"]
[Date "2018.08.07"]
[Round "7"]
[White "Cryptochess"]
[Black "SergeiAza"]
[Result "1-0"]
[WhiteElo "2507"]
[BlackElo "2692"]
[TimeControl "180+2"]
[EndTime "14:34:17 PDT"]
[Termination "Cryptochess won on time"]

1. e4 c5 2. Nc3 Nc6 3. g3 g6 4.
Bg2 Bg7 5. d3 e6 6. Be3 Nge7 7.
Bxc5 Qa5 8. d4 b6 9. Bxe7 Nxe7 10. Ne2 O-O 11. O-O b5 12. e5 Rb8 13. Ne4 Bb7 14. Nd6 Bxg2 15. Kxg2 Nc8 16. Ne4 d5 17. Nc5 Qd8 18.
Nc1 Ne7 19. N1d3 Nc6 20. c3 a5 21. f4 Qc7 22. g4 Qe7 23. f5 exf5 24. gxf5 f6 25.
e6 gxf5 26. Rxf5 Kh8 27. Rxd5 Rg8 28. Rd7 Qe8 29. Qf3 Qg6+ 30. Kf2 Rbc8 31. Rg1 Qh6 32. Qf4 Qh5 33. Rg4 b4 34. Rh4 Qd1 35. Qf5 Qd2+ 36.
Kf1 h6 37. Ne4 Qxd3+ 38. Kf2 Qc2+ 39. Kf3 Qd1+ 40. Kf2 Qc2+ 41. Ke1 Qc1+ 42. Ke2 bxc3 43. bxc3 Rb8 44. Nd2 Nxd4+ 45. cxd4 Rge8 46. Rxh6+ 1-0

[Event "*** Titled Tuesday Blitz"]
[Site "Chess.com"]
[Date "2018.08.07"]
[Round "7"]
[White "LittlePeasant"]
[Black "Mr_Penings"]
[Result "1-0"]
[WhiteElo "2785"]
[BlackElo "2509"]
[TimeControl "180+2"]
[EndTime "14:34:18 PDT"]
[Termination "LittlePeasant won on time"]

1. Nf3 c5 2. b3 Nc6 3. Bb2 Nf6 4. g3 g6 5. Bxf6 exf6 6. c4 d5 7. cxd5 Qxd5 8. Nc3 Qd7 9. Bg2 Bg7 10. Rc1 O-O 11.
O-O Rb8 12. d3 b6 13. Qd2 Bb7 14. Qf4 f5 15. Qh4 Qe7 16. Qxe7 Nxe7 17. Nd2 Nc6 18. Nc4 Nd4 19. Bxb7 Rxb7 20. e3 Nf3+ 21. Kg2 Ne5 22.
Nxe5 Bxe5 23. Nd5 Rd8 24. e4 Kg7 25. h4 fxe4 26. dxe4 f5 27. f3 Bd4 28. Nf4 Re7 29.
exf5 gxf5 30. Rc2 Kf7 31. g4 Be3 32. Ne2 f4 33. Nc3 Red7 34. Ne4 Rd1 35. Rxd1 Rxd1 36. h5 h6 37. Kh2 Ke6 38. Rg2 Rd5 39. Kh3 b5 40. g5 hxg5 41. Kg4 c4 42. bxc4 bxc4 43. Nxg5+ Kf6 44. Ne4+ Ke5 45. h6 Rd7 46. Kh5 Bd4 47. Rg7 Rd8 48. h7 Ke6 49. Rg8 Ke7 50. Kg6 c3 51.
Rxd8 Kxd8 52. Nf6 1-0

[Event "*** Titled Tuesday Blitz"]
[Site "Chess.com"]
[Date "2018.08.07"]
[Round "7"]
[White "ChessicallyInclined"]
[Black "guillembaches"]
[Result "0-1"]
[WhiteElo "2354"]
[BlackElo "2253"]
[TimeControl "180+2"]
[EndTime "14:34:24 PDT"]
[Termination "guillembaches won by resignation"]

1. d4 Nf6 2. c4 e6 3. Nc3 Bb4 4.
e3 O-O 5. Ne2 Re8 6. a3 Bf8 7. d5 a5 8. g3 exd5 9. cxd5 d6 10. Bg2 Na6 11. O-O Nc5 12. Rb1 a4 13.
Nd4 Bd7 14. Qe2 Nfe4 15. Nxe4 Nxe4 16. Qc2 Nc5 17. Rd1 Qf6 18. Bd2 h5 19. Bc3 Qe7 20. h4 g6 21. Nf3 Bg7 22. Bxg7 Kxg7 23. Qc3+ Qf6 24. Nd4 Qe5 25. Bf3 f5 26. Rbc1 Ra6 27.
Rc2 Kf6 28. Kg2 Rb6 29. Qa5 Re7 30. Qa7 Ra6 31. Qb8 Re8 32. Qxc7 Rc8 33. Qxc8 Bxc8 34. Ne2 Rb6 35. Rdc1 Rxb2 36. Nd4 Rxc2 37. Rxc2 Bd7 38. Rb2 Qe8 39. Rb6 Ke7 40. Ne2 Qd8 41. Rb4 b5 42. Nd4 Kf6 43. Be2 Qe8 44. Bxb5 Bxb5 45. Rxb5 Qe4+ 46.
Kg1 Qxd5 47. Rb6 Ne4 48. Rb5 Qa2 0-1

[Event "*** Titled Tuesday Blitz"]
[Site "Chess.com"]
[Date "2018.08.07"]
[Round "7"]
[White "TijanaBlagojevic"]
[Black "misha_melnichuk"]
[Result "0-1"]
[WhiteElo "2373"]
[BlackElo "2606"]
[TimeControl "180+2"]
[EndTime "14:34:28 PDT"]
[Termination "misha_melnichuk won by resignation"]

1. c3 Nf6 2. d4 d5 3. Bg5 Ne4 4. Bf4 Bf5 5. Nd2 e6 6. f3 Nxd2 7. Qxd2 c5 8. e3 Nc6 9. Ne2 Bd6 10. g4 Bg6 11. Bxd6 Qxd6 12. Nf4 f6 13. h4 Bf7 14. O-O-O O-O-O 15. Nd3 cxd4 16. cxd4 h5 17. g5 Kb8 18. Kb1 Bg6 19. Ka1 Rc8 20. Nc5 b6 21. Na6+ Kb7 22. Bb5 fxg5 23. hxg5 Na5 24. Nb4 Nc4 25.
Qc3 a5 26. Na6 Be8 27. a4 Bxb5 28. axb5 g6 29. Rc1 Qd7 30. b3 Nd6 31. Qd3 Qxb5 32. Nc5+ bxc5 33. Qxg6 cxd4 34. Qxe6 Qb6 35. Qxd5+ Ka7 36.
exd4 Rhd8 37. Rc6 Rxc6 38. Rb1 Nb7 39. Qc4 Rxd4 40. Qe2 Rb4 41. Qe5 a4 42. g6 axb3 43. g7 b2+ 44. Rxb2 Rxb2 45. Qxb2 Qxb2+ 46. Kxb2 Rg6 47. g8=Q Rxg8 0-1

[Event "*** Titled Tuesday Blitz"]
[Site "Chess.com"]
[Date "2018.08.07"]
[Round "7"]
[White "chenrip"]
[Black "krzysztofszczurek"]
[Result "1/2-1/2"]
[WhiteElo "2416"]
[BlackElo "2370"]
[TimeControl "180+2"]
[EndTime "14:34:34 PDT"]
[Termination "Game drawn by agreement"]

1. e4 c5 2. Nf3 d6 3. Bb5+ Bd7 4. a4 Nf6 5. Nc3 a6 6. Bc4 e6 7. O-O Be7 8. d4 cxd4 9. Nxd4 O-O 10. Be3 Nc6 11.
Nxc6 Bxc6 12. f3 Rc8 13. Bb3 Re8 14. a5 Qd7 15. Qd2 d5 16. Rfd1 dxe4 17. Qxd7 Nxd7 18. Nxe4 Bxe4 19. fxe4 Nc5 20. Bxc5 Bxc5+ 21. Kf1 Rc7 22. Ke2 g6 23. c3 Kg7 24. Rd3 Rb8 25. Rad1 b6 26. Bc4 bxa5 27. b3 Rbb7 28. Ra1 Bb6 29.
Bxa6 Rb8 30. Bc4 Rbb7 31. Ba6 Rb8 32. Bb5 Rxc3 33. Rxc3 Bd4 34. Rc4 Bxa1 35. Ba4 Be5 36. g3 Bd6 37. Rc6 Bb4 38. Rc7 Rd8 39. Ke3 Kf6 40.
Bb5 Bd2+ 41. Kf3 Bb4 42. Ke3 Bd6 43. Rd7 Bc5+ 44. Kd3 Rxd7+ 45. Bxd7 Ke5 46. Be8 f5 47. exf5 gxf5 48. Bd7 Kd5 49. h3 h6 50. Bc8 Ke5 51.
Ke2 Kf6 1/2-1/2

[Event "*** Titled Tuesday Blitz"]
[Site "Chess.com"]
[Date "2018.08.07"]
[Round "7"]
[White "nOcHeaTiNgKiD"]
[Black "Vuk2000"]
[Result "0-1"]
[WhiteElo "2382"]
[BlackElo "2677"]
[TimeControl "180+2"]
[EndTime "14:34:44 PDT"]
[Termination "Vuk2000 won by resignation"]

1. d4 e6 2. Nf3 Nf6 3. c4 b6 4. g3 Ba6 5. b3 Bb4+ 6. Bd2 Be7 7.
Bg2 c6 8. Nc3 d5 9. Ne5 Nfd7 10.
Nxd7 Nxd7 11. O-O O-O 12. Qc2 Rc8 13. cxd5 cxd5 14. Qb2 Bd6 15. Rfd1 Qe7 16. a3 Rc7 17. e3 Rfc8 18. e4 dxe4 19. Bxe4 Nf6 20. Bg2 h6 21. b4 Bb7 22. Rac1 Bxg2 23. Kxg2 Qd7 24. Ne2 Qb5 25. Be3 Ng4 26. Rxc7 Rxc7 27. Qd2 Qd5+ 28. Kg1 Qf3 29. h3 Nf6 30. Bf4 Bxf4 31. Nxf4 Qxa3 32. d5 exd5 33.
Nxd5 Nxd5 34. Qxd5 Qc3 35. Rd3 Qc1+ 36. Kh2 Qc2 37. Rf3 Qc6 38. Qd8+ Kh7 39. Qd3+ Qg6 40. Qd8 Qe4 41. Rf4 Qe7 42. Qd3+ g6 43. h4 h5 44. Qf3 Qe6 45. Rf6 Qc4 46. Rf4 Qa2 47. Rf6 Kg8 48. Qf4 Qc4 49. Qg5 Qe4 50. Rd6 Qe7 51. Rd8+ Kg7 52. Qd5 Qf6 53. Rg8+ Kxg8 0-1

[Event "*** Titled Tuesday Blitz"]
[Site "Chess.com"]
[Date "2018.08.07"]
[Round "7"]
[White "Mikhail_Golubev"]
[Black "gkchesstiger"]
[Result "0-1"]
[WhiteElo "2448"]
[BlackElo "2756"]
[TimeControl "180+2"]
[EndTime "14:34:55 PDT"]
[Termination "gkchesstiger won on time"]

1. e4 c5 2. Nf3 e6 3. d4 cxd4 4. Nxd4 a6 5. Bd3 g6 6. O-O Bg7 7. Be2 Nf6 8. Nc3 d6 9. a4 b6 10. f4 O-O 11. Bf3 Ra7 12. Be3 Rd7 13. Qe2 Bb7 14. Nb3 Re7 15. Qf2 Nfd7 16. Rad1 Qc7 17.
Rd2 Nc5 18. Rfd1 Rd7 19. Bd4 Rfd8 20. Bxg7 Kxg7 21. Nd4 Nc6 22. Nde2 Kg8 23. Qh4 Rf8 24. Qf6 Qd8 25. Qxd8 Rfxd8 26. Kf2 Kf8 27. Nd4 Nxd4 28. Rxd4 a5 29. Nb5 Ke7 30. e5 dxe5 31. Rxd7+ Rxd7 32. Rxd7+ Kxd7 33. Bxb7 Nxb7 34. fxe5 Nc5 35. b3 Kc6 36. Ke3 Kd5 37. Nd6 f5 38. Nc8 Kc6 39. Kd4 Ne4 40.
Na7+ Kd7 41. Nb5 g5 42. c3 Nc5 43. Kc4 g4 44. g3 h5 45. b4 Ne4 46. Nd4 f4 47. gxf4 h4 48. Kd3 g3 49. hxg3 Nxg3 50. Nf3 h3 51. Nh2 Kc6 52. Ke3 Kd5 53. Kd3 Nh5 0-1

[Event "*** Titled Tuesday Blitz"]
[Site "Chess.com"]
[Date "2018.08.07"]
[Round "7"]
[White "wonderfultime"]
[Black "platy3"]
[Result "1/2-1/2"]
[WhiteElo "2850"]
[BlackElo "2754"]
[TimeControl "180+2"]
[EndTime "14:34:56 PDT"]
[Termination "Game drawn by repetition"]

1. d4 Nf6 2. c4 e6 3. Nf3 d5 4.
Nc3 dxc4 5. Bg5 a6 6. a4 c5 7. dxc5 Bxc5 8. Qxd8+ Kxd8 9. Ne5 Ke7 10. g3 h6 11. Bxf6+ gxf6 12. Nxc4 Bd7 13. Bg2 Bc6 14. O-O Bxg2 15. Kxg2 Nd7 16. Rfd1 f5 17. Rd3 Rhc8 18. Rad1 Nf6 19. a5 Rd8 20. Na4 Rxd3 21. Rxd3 Ba7 22.
Rb3 Rb8 23. Nab6 Ne4 24. Ne5 Nd6 25. e3 Rd8 26. Nbc4 Nb5 27. Na3 Rd5 28. Nxb5 Rxb5 29. Rxb5 axb5 30. Kf3 Bb8 31. Nd3 Kd6 32. e4 fxe4+ 33.
Kxe4 f5+ 34. Kd4 e5+ 35. Kc3 Kd5 36. f3 e4 37. Nb4+ Kc5 38. f4 Bd6 39. Nc2 Bc7 40. b4+ Kd5 41. Nd4 e3 42. Nxf5 Ke4 43. Nh4 Bd8 44. Ng2 Bf6+ 45. Kc2 Kf3 46. Ne1+ Kf2 47. Nd3+ Kf3 48. Ne1+ Kf2 49. Nd3+ Kf3 50. Ne1+ Kf2 51. Nd3+ 1/2-1/2

[Event "*** Titled Tuesday Blitz"]
[Site "Chess.com"]
[Date "2018.08.07"]
[Round "7"]
[White "BillForster"]
[Black "aa175"]
[Result "0-1"]
[WhiteElo "1626"]
[BlackElo "1923"]
[TimeControl "180+2"]
[EndTime "14:35:06 PDT"]
[Termination "aa175 won on time"]

1. d4 e5 2. dxe5 Nc6 3. f4 d6 4. exd6 Bxd6 5. Nf3 Nf6 6. Nc3 O-O 7. e4 Bb4 8. Qxd8 Rxd8 9. Bd3 Bg4 10. O-O Bc5+ 11. Kh1 Nb4 12. Ne5 Nxd3 13. cxd3 h5 14. h3 Be6 15. f5 Bc8 16. Bf4 c6 17. Rad1 Bd4 18. Nf3 c5 19. Nxd4 cxd4 20. Ne2 b6 21. Nc1 Ba6 22. Rf2 Rac8 23. Rdf1 Nxe4 24. dxe4 Bxf1 25. Rxf1 d3 26. Bd2 Rc2 27. Rd1 Rdc8 28. Bc3 d2 29. Ne2 b5 30. Rxd2 Rxd2 31. Bxd2 Rc2 32. Be3 Rxe2 33. Bxa7 Rxb2 34. a3 Ra2 35. Bc5 Re2 36.
f6 gxf6 37. Kh2 Rxe4 38. Kg3 Rc4 39. Bb4 h4+ 40. Kf3 Kg7 41. Ke3 Kg6 42. Kd3 Kf5 43. Ke3 Ke5 44. Kf3 Rf4+ 45. Ke3 Rc4 46. Kf3 f5 47.
Ke3 Re4+ 48. Kf3 Kd4 49. Bf8 Kd3 50. Bb4 Rc4 51. Kf2 Kc2 52. Kf3 Kb3 0-1

[Event "*** Titled Tuesday Blitz"]
[Site "Chess.com"]
[Date "2018.08.07"]
[Round "7"]
[White "dereito"]
[Black "Titus369"]
[Result "0-1"]
[WhiteElo "2271"]
[BlackElo "2328"]
[TimeControl "180+2"]
[EndTime "14:35:22 PDT"]
[Termination "Titus369 won by checkmate"]

1. d4 d5 2. Bf4 Nf6 3. e3 e6 4. Nf3 Bd6 5. Bg3 O-O 6. Bd3 c5 7. c3 b6 8. Nbd2 Bb7 9. Qe2 Ne4 10. Ne5 f5 11. Bf4 Nc6 12. Ndf3 Be7 13. h4 cxd4 14. exd4 g6 15. g3 Bf6 16. Nxc6 Bxc6 17. Ne5 Bb7 18. f3 Nd6 19. O-O-O Qe7 20. Kb1 Rfe8 21. g4 Nf7 22. Rdg1 Kh8 23. h5 g5 24. Ng6+ hxg6 25. hxg6+ Kg7 26.
Rh7+ Kg8 27. Rxf7 gxf4 28. Rxe7 Rxe7 29. gxf5 exf5 30. Qh2 Rae8 31. Bxf5 Ba6 32. g7 Re1+ 33. Rxe1 Rxe1+ 34. Kc2 Re2+ 35. Qxe2 Bxe2 36. Be6+ Kxg7 37.
Bxd5 Ba6 38. a4 Bc8 39. b4 Bf5+ 40. Kb3 Kg6 41. a5 Kg5 42. axb6 axb6 43. Kc4 Bd7 44. Be4 Kh4 45. Kd5 Kg3 46. c4 Be8 47. c5 bxc5 48.
dxc5 Be7 49. b5 Bxb5 50. c6 Bd8 51. Kd6 Be2 52. c7 Bxc7+ 53. Kxc7 Bxf3 54. Bd3 Kf2 55. Kd6 Ke3 56. Bf1 Be4 57. Ke5 f3 58. Bh3 Bd3 59. Kd5 f2 60. Ke5 Kf3 61. Kd4 Kg3 62.
Ke3 Ba6 63. Bg2 Kxg2 64. Kd2 f1=Q 65. Kc3 Qf4 66. Kb2 Qe3 67. Ka1 Qd2 68. Kb1 Kf3 69.
Ka1 Ke3 70. Kb1 Kd3 71. Ka1 Kc3 72. Kb1 Qb2# 0-1

[Event "*** Titled Tuesday Blitz"]
[Site "Chess.com"]
[Date "2018.08.07"]
[Round "7"]
[White "KRASAVCHIK2002"]
[Black "dmosesov"]
[Result "0-1"]
[WhiteElo "2193"]
[BlackElo "2274"]
[TimeControl "180+2"]
[EndTime "14:35:22 PDT"]
[Termination "dmosesov won by resignation"]

1. d4 Nf6 2. Nf3 b6 3. Bg5 Ne4 4. Bf4 Bb7 5. e3 g6 6. Bd3 Bg7 7. c3 O-O 8. Nbd2 Nf6 9. Qe2 d6 10. e4 Nh5 11. Bg3 c5 12. d5 Nd7 13. O-O Nxg3 14. hxg3 a6 15. Rab1 b5 16. c4 Nb6 17.
b4 Na4 18. Qe3 Nc3 19. Rb3 cxb4 20. Rxb4 a5 21. Rb3 b4 22. a3 Bc8 23. axb4 axb4 24.
Rxb4 Ra3 25. Rb3 Qa5 26. Rxa3 Qxa3 27. e5 Na4 28. Ne4 Nb2 29. Be2 Qxe3 30. fxe3 dxe5 31. Rb1 Na4 32. Rb4 Bf5 33. Nfd2 Ra8 34. Bd1 Bd7 35. c5 f5 36. c6 fxe4 37. cxd7 Nc5 38.
Rc4 Nxd7 39. Nxe4 Ra1 40. Rc8+ Bf8 41. Nf2 Nf6 42. e4 Nxe4 43. Nxe4 Rxd1+ 44. Kf2 Rxd5 45. Ng5 Rd6 46. Nxh7 Kxh7 47. Rxf8 Kg7 48. Ra8 Rb6 49. Ra7 Kf6 50. Ra4 Rb2+ 51. Kf3 Kf5 52. Rc4 e4+ 53. Ke3 Rxg2 54. Rc5+ e5 0-1

[Event "*** Titled Tuesday Blitz"]
[Site "Chess.com"]
[Date "2018.08.07"]
[Round "7"]
[White "MarshKnight"]
[Black "CarlssonLudvig"]
[Result "0-1"]
[WhiteElo "2085"]
[BlackElo "2205"]
[TimeControl "180+2"]
[EndTime "14:35:23 PDT"]
[Termination "CarlssonLudvig won on time"]

1. e4 e5 2. f4 exf4 3. Nf3 g5 4. h4 g4 5. Ne5 d6 6. Nxg4 Nf6 7. Nxf6+ Qxf6 8. Nc3 Nc6 9. d4 Qxd4 10. Bxf4 Qxd1+ 11. Rxd1 Bg4 12. Be2 Bxe2 13. Kxe2 O-O-O 14. Bg5 Be7 15. Bxe7 Nxe7 16. Rdf1 Rdf8 17. Rf2 Kd7 18. Rhf1 Rhg8 19.
Nd1 f6 20. Ne3 Ke6 21. g4 Rf7 22. Rf4 Ng6 23. R4f2 Nxh4 24. Rh1 Ng6 25. Rfh2 Ne5 26. Rxh7 Rgg7 27. Rxg7 Rxg7 28. Rh4 Ng6 29. Rh6 Nf4+ 30.
Kf3 Ng6 31. Nf5 Ne5+ 32. Ke3 Nxg4+ 33. Kd4 Nxh6 34. Nxg7+ Kf7 35. Nh5 Ng8 36. c4 b6 37.
b4 Ne7 38. c5 dxc5+ 39. bxc5 Ke6 40. cxb6 cxb6 41. Nf4+ Kd6 42. Nh5 Nc6+ 43. Kc4 Ke5 44. Kb5 Nb8 45. a4 Ke6 46. a5 bxa5 47. Kxa5 Ke5 48.
Kb5 Ke6 49. Kc5 Ke5 50. Kb5 Ke6 51. Kc5 a5 52. Kb5 Nc6 53. Ka4 Ke5 54. Kb5 Ke6 55. Ka4 Ke5 56. Kb5 Ke6 57. Nf4+ Kd6 58. Nd5 f5 59. Nc3 f4 60. Ne2 f3 61. Ng3 f2 62.
Kc4 Ke5 63. Kb5 Kf4 64. Nf1 Kxe4 65. Kc4 Kf3 66. Kd3 a4 0-1

[Event "*** Titled Tuesday Blitz"]
[Site "Chess.com"]
[Date "2018.08.07"]
[Round "7"]
[White "MITerryble"]
[Black "OparinGrigoriy"]
[Result "1/2-1/2"]
[WhiteElo "2768"]
[BlackElo "2880"]
[TimeControl "180+2"]
[EndTime "14:35:28 PDT"]
[Termination "Game drawn by repetition"]

1. d4 Nf6 2. Bg5 e6 3. e4 h6 4. Bxf6 Qxf6 5. c3 d5 6. e5 Qd8 7. a3 c5 8. Nf3 Bd7 9. b4 b6 10. Bd3 a5 11. bxc5 bxc5 12. O-O Nc6 13. a4 Be7 14.
Bb5 c4 15. Na3 O-O 16. Qd2 Bxa3 17. Rxa3 Qe7 18. Ra2 Rfb8 19. Rb2 Rb7 20. Rfb1 Rab8 21.
h4 Na7 22. Bxd7 Qxd7 23. Rxb7 Rxb7 24. Rxb7 Qxb7 25. Qa2 Qb3 26. Qxb3 cxb3 27. Nd2 b2 28. Kf1 Nc8 29. Ke2 Nb6 30. Kd3 Nxa4 31. Kc2 g5 32. h5 f6 33. exf6 Kf7 34. Kb3 Nb6 35. Kxb2 Kxf6 36.
g4 e5 37. Kb3 e4 38. Nf1 Nc4 39. Ne3 Nb6 40. Nf5 Nc4 41. Ne3 Nb6 42. Nf5 Nc4 43. Ka4 Nb2+ 44. Kxa5 Nd1 45. Ne3 Nxc3 46. Kb4 Ne2 47.
Kc5 Ke6 48. Nxd5 Nc1 49. Kc4 Nd3 50. Ne3 Nxf2 51. Kc5 Nd3+ 52. Kc6 Nb4+ 53. Kc5 Nd3+ 54. Kc6 Nb4+ 55. Kc5 Nd3+ 1/2-1/2

[Event "*** Titled Tuesday Blitz"]
[Site "Chess.com"]
[Date "2018.08.07"]
[Round "7"]
[White "timator"]
[Black "djamir"]
[Result "0-1"]
[WhiteElo "2371"]
[BlackElo "2648"]
[TimeControl "180+2"]
[EndTime "14:35:28 PDT"]
[Termination "djamir won by resignation"]

1. Nf3 d5 2. g3 Nc6 3. d4 Bf5 4. Bg2 e6 5. O-O Bd6 6. c4 Nf6 7. Nc3 h6 8. cxd5 exd5 9. Bf4 Bxf4 10. gxf4 O-O 11. Ne5 Ne7 12. Qb3 Rb8 13. Rac1 c6 14. Rfd1 Ng6 15. e3 Nh4 16. Ne2 Nxg2 17. Kxg2 Be4+ 18. f3 Bh7 19. Ng3 Ne8 20. Qa3 a6 21.
Kf2 Nc7 22. Rg1 Kh8 23. Rg2 Nb5 24. Qb3 Nd6 25. Ke2 f6 26. Nd3 Qe7 27. Kf2 Rbe8 28.
Re1 g5 29. Nh5 Bg6 30. Ng3 Bxd3 31. Qxd3 gxf4 32. Nh5 fxe3+ 33. Rxe3 Qxe3+ 34. Qxe3 Rxe3 35. Kxe3 Nf5+ 36. Kd3 Kh7 37. Nf4 Rg8 38. Rxg8 Kxg8 39. Ne6 Nd6 40. b3 Kf7 41. Nf4 Nf5 42. a4 a5 43. Nh5 Ne7 44. Nf4 Ng6 45. Nh5 f5 46. Ke3 Ke6 47. f4 Kf7 48. Ng3 Ne7 49. Ne2 Nc8 50.
Nc1 Ke6 51. Nd3 b6 52. Ne5 c5 53. Kd3 Nd6 54. dxc5 bxc5 55. Nc6 Nb7 56. Ne5 Kf6 57. h4 h5 58. Nd7+ Ke7 59. Ne5 Ke6 60. Nc6 Kd6 61. Ne5 Nd8 62. Nf7+ Nxf7 0-1